 BcadrenCrawl: Boulder Brew version 0.06-688-g08e91b2d95 (webtiles) character file.

Game seed: 16930865274836143541

3703 Leeroy the Archer (level 9, -2/89 HPs) Tengu Centaur. Began on Jan 29, 2023. Slain by a meliai zombie ... wielding a cursed +0 war axe {(Curse: MR-)} (22 damage) ... on level 4 of the Dungeon. The game lasted 00:16:26 (6578 turns).

Leeroy the Archer (Tengu Centaur)                   Turns: 6578, Time: 00:16:26

Health: -2/89      AC: 10    Str: 18    XL:     9 ^: 237
Magic:  10/10      EV: 16    Int: 12    God:
Gold:   303        SH:  5    Dex: 12    Spells: 8/8 levels left

rFire    . . .     Slash    x   Q - +2 long sword
rCold    . . .     Pierce   .   (no weapon)
rNeg     . . .     Bludgeon .   c - +0 leather armour
rCorr    . . .     Vision   .   (helmet restricted)
rPois    .         Gourm    .   l - scarf {repulsion}
rElec    .         Faith    .   C - +0 pair of gloves
MR       +....     Spirit   .   (no barding)
HPRegen  0.39/turn Reflect  +   p - amulet of reflection
MPRegen  0.20/turn Harm     .   t - ring of protection
Stlth    +.........             w - ring of protection from magic

@: flying quickly and evasively, lightly drained, repel missiles, very quick
A: large, beak, hippogriff form, talons, deformed body 1, speed 2, tengu flight,
soft flesh, AC +3
a: Stop Flying


You were on level 4 of the Dungeon.
You were not hungry.

You visited 1 branch of the dungeon, and saw 4 of its levels.

You collected 303 gold pieces.

Inventory:

Weapons
 a - a +0 shortbow
 b - a +0 short sword
 f - a +1 flail of protection
 o - a cursed +0 vampiric short sword {(Curse: MP-9)}
 u - a +0 hand crossbow
 x - a +1 dagger of venom
 D - a +0 falchion
 K - a +2 dagger of protection
 L - a +2 dire flail
 M - a +4 trident
 Q - a +2 long sword (weapon) Shields
 F - a +0 sai
Armour
 c - a +0 leather armour (worn)
 k - a +0 cloak
 l - a scarf of repulsion (worn)
 C - a +0 pair of gloves (worn)
Jewellery
 e - an uncursed ring of fire
 p - an amulet of reflection (around neck)
 q - an uncursed ring of fire
 t - a ring of protection (left hand)
 w - a ring of protection from magic (right hand)
 y - an uncursed amulet of harm
 B - a cursed ring of positive energy {(Curse: *Drain)}
 G - a cursed amulet of chaos {(Curse: rC-)}
 P - an uncursed amulet of the gourmand
 R - an uncursed ring of ice
Scrolls
 g - 3 scrolls of enchantment
 i - 2 scrolls of magic mapping
 j - a scroll of teleportation
 r - 2 scrolls of immolation
 H - a scroll of blinking
 O - a scroll of summoning
Potions
 h - 9 potions of curing
 m - 5 potions of mutation
 n - a potion of gain dexterity
 s - a potion of magic
 v - a potion of beneficial mutation
 z - a potion of amnesia
 A - 4 potions of brilliance
 E - 2 potions of agility
 I - 2 potions of heal wounds
 J - a potion of gain intelligence
Comestibles
 d - 13 rations
 N - 12 chunks of flesh


   Skills:
 - Level 2.0(1.8) Fighting
 - Level 14.0(13.8) Bows
 + Level 9.0(8.8) Dodging
 - Level 1.0(0.8) Stealth


You had 8 spell levels left.
You didn't know any spells.
Your spell library was empty.

Dungeon Overview and Level Annotations

Branches:
Dungeon (4/8)              Temple (0/1) D:4

Altars:
Cheibriados
Fedhas Madash
Trog
The Shining One

Shops:
D:4 :


Innate Abilities, Weirdness & Mutations

Your horsehide is resilient. (AC +3)
You have a beak for a mouth.
You have a hippogriff-like bottom half; talons in the front, hooves in the back.
Armour fits poorly on your strangely shaped body.
You cover ground very quickly.
You can fly continuously.
Your speed and evasion are boosted while flying.
Your soft flesh is weak to deep cuts.
Heavy manmade armour will nullify this weakness. (rSlashing-)


Message History

The orc shouts!
The orc unwields a +0 trident.
The orc wields a +0 hunting sling.
The orc shoots a sling bullet.
The sling bullet barely misses you.
The meliai zombie hits you with a cursed +0 war axe {(Curse: MR-)} (2).
You are lacerated severely!
The meliai zombie hits you with a cursed +0 war axe {(Curse: MR-)} (8)!
You are lacerated severely!
You closely miss the meliai zombie.
You hit the meliai zombie but do no damage.
Your kick misses the meliai zombie. Your peck misses the meliai zombie.
The meliai zombie is undamaged. (60/60) HP You block the meliai zombie's attack. x2
The meliai zombie hits you with a cursed +0 war axe {(Curse: MR-)} (12)!
You are lacerated severely!
The meliai zombie hits you with a cursed +0 war axe {(Curse: MR-)} (9)!
You are lacerated severely!
You barely miss the meliai zombie. You closely miss the meliai zombie.
You peck the meliai zombie (5).
The meliai zombie is lightly damaged. (55/60) HP The meliai zombie hits you with a cursed +0 war axe {(Curse: MR-)} (21)!!
You are lacerated severely!
The meliai zombie hits you with a cursed +0 war axe {(Curse: MR-)} (18)!!
You are lacerated severely!
* * * LOW HITPOINT WARNING * * *
The meliai zombie hits you with a cursed +0 war axe {(Curse: MR-)} (22)!!
You are lacerated severely!
You die...

#####'##....######.............
#####..#....'....'...........#
.......#....######...........#
#####..#....................###..
#####..#.....##.............o....
.......#.....##...........#.....#
.......#.....#<.........###..>..#
.......#.#.#.#####........#.....#
.........#.#.# #@Z.............w.
####.......#.###'########...###..
#..........#÷......### #...# ..
#.........÷#.÷......... ...# #
#..........#.÷.......... #..
#.......>..#)###+##..... #.
#.....##+#.#.### ..... #.....#
#.....# .... #.....# ###.#.# ....


You could see a meliai zombie.

Vanquished Creatures
  A two-headed ogre (D:3)
  2 bone scorpions
  2 scorpions (D:3)
  An orc warrior (D:4)
  2 water moccasins
  2 sky beasts (D:4)
  3 ogres
  A crocodile (D:2)
  5 big kobolds
  4 howler monkeys
  6 wights (D:4)
  A hornet zombie (D:4)
  4 orc priests
  2 hounds (D:4)
  7 jellies
  2 iguanas (D:3)
  A wyvern zombie (D:4)
  2 worker ants (D:3)
  A wyvern skeleton (D:4)
  7 giant cockroaches
  6 adders
  A gwybwca (D:4)
  15 sewer rats (D:2)
  5 worms
  12 cinder newts
  2 bullfrogs (D:4)
  7 oozes
  2 dart slugs
  5 leopard geckos
  13 orcs
  10 bats
  2 cinder newt skeletons (D:2)
  3 goblins (D:1)
  5 hobgoblins (D:1)
  6 jackals (D:4)
  30 kobolds
  2 quokkas
  4 ball pythons
  A goblin skeleton (D:2)
  An orc skeleton (D:2)
  4 rats (D:1)
  A withered plant (D:2)
193 creatures vanquished.

Vanquished Creatures (others)
  A bat (D:2)
  7 giant blowflies (D:2)
  3 slimeheads (D:2)
  163 withered plants (D:2)
174 creatures vanquished.

Grand Total: 367 creatures vanquished

Notes
Turn   | Place    | Note
-------+----------+-------------------------------------------
     0 | D:1      | Leeroy the Tengu Centaur began the quest for the Orb.
     0 | D:1      | Reached XP level 1. HP: 24/24 MP: 2/2
    34 | D:1      | Reached skill level 5 in Bows
    34 | D:1      | Reached XP level 2. HP: 16/32 MP: 3/3
   258 | D:1      | Reached skill level 6 in Bows
   298 | D:1      | Reached XP level 3. HP: 36/40 MP: 4/4
   652 | D:1      | Reached skill level 7 in Bows
   652 | D:1      | Reached XP level 4. HP: 47/48 MP: 5/5
  1289 | D:1      | Reached skill level 8 in Bows
  1349 | D:2      | Noticed a big kobold
  1364 | D:1      | Killed a big kobold
  1364 | D:1      | Reached skill level 9 in Bows
  1364 | D:1      | Gained mutation: You can fly continuously. Your speed and
                  | evasion are boosted while flying. [Tengu growth]
  1364 | D:1      | Reached XP level 5. HP: 21/56 MP: 6/6
  1708 | D:2      | Reached skill level 10 in Bows
  1708 | D:2      | Reached XP level 6. HP: 64/64 MP: 7/7
  2190 | D:2      | Reached skill level 11 in Bows
  2190 | D:2      | Reached XP level 7. HP: 29/72 MP: 8/8
  2743 | D:2      | Reached skill level 12 in Bows
  2975 | D:2      | Found a blossoming altar of Fedhas.
  3423 | D:2      | Reached skill level 13 in Bows
  3546 | D:2      | Reached XP level 8. HP: 81/81 MP: 9/9
  4061 | D:2      | Reached skill level 14 in Bows
  4799 | D:3      | Found a bloodstained altar of Trog.
  4800 | D:3      | Found a glowing golden altar of the Shining One.
  4839 | D:3      | Found a snail-covered altar of Cheibriados.
  5219 | D:4      | Noticed a two-headed ogre
  5221 | D:4      | Reached skill level 5 in Dodging
  5328 | D:3      | Killed a two-headed ogre
  5328 | D:3      | Reached XP level 9. HP: 44/89 MP: 10/10
  5791 | D:4      | Found Rasuuwk's Book Emporium.
  6562 | D:4      | Found a staircase to the Ecumenical Temple.
  6578 | D:4      | Slain by a meliai zombie

Illustrated notes

Levels and vault maps discovered:
D:1:      lemuel_arrival_cross, layout_loops_cross, minmay_door_square,
          gup_sewer_entry_spiral
D:2:      minmay_chambers_of_fours, layout_sewer, old_standard_altar,
          sewer_minmay_treatment
D:3:      layout_loops_ring, kennysheep_slug_shrine,
          gammafunk_temple_overflow_statue, first_ration, grunt_ogre_cave
D:4:      layout_basic, minmay_temple_entry_tees, serial_shops,
          kennysheep_mini_moat

Skill      XL: |  1  2  3  4  5  6  7  8  9 |
---------------+----------------------------+-----
Bows           | 5 6 7 9 10 11 13 14 | 14.0
Dodging        | 6 9 |  9.0
Fighting       | |  2.0
Stealth        | |  1.0

Action                   |  1- 3 |  4- 6 |  7- 9 || total
-------------------------+-------+-------+-------++-------
Melee: Short sword       |       |    15 |    35 ||    50
       Unarmed           |       |    12 |   163 ||   175
       Kick              |       |     8 |    59 ||    67
       Tailslap          |       |     2 |    28 ||    30
       Dagger            |       |       |   147 ||   147
       Falchion          |       |       |    19 ||    19
       Long sword        |       |       |    11 ||    11
 Fire: Shortbow          |    56 |   204 |   580 ||   840
 Abil: Fly               |       |     1 |       ||     1
  Use: Scroll            |       |       |     2 ||     2
  Eat: Chunk             |       |     2 |    11 ||    13
Armor: Leather armour    |    12 |    25 |    73 ||   110
Dodge: Dodged            |     8 |    21 |    63 ||    92
       Deflected         |       |       |     1 ||     1
Block: Other             |       |     9 |    56 ||    65
       Rpst.: Long sword |       |       |     2 ||     2
       Falchion          |       |       |     1 ||     1
